 Dungeon Crawl Stone Soup version 0.31.0-4-g52a2dc7128 (webtiles) character file.

Game seed: 893424913853062317

55 hawla the Sneak (level 3, -2/23 HPs)
             Began as an Octopode Fire Elementalist on Jan 22, 2024.
             Slain by a gnoll
             ... wielding a +0 whip
              (3 damage)
             ... on level 1 of the Dungeon.
             The game lasted 00:03:12 (1384 turns).

hawla the Sneak (Octopode Fire Elementalist)        Turns: 1384, Time: 00:03:15

Health: -2/23      AC:  1    Str:  7    XL:     3   Next: 93%
Magic:  0/6        EV: 13    Int: 19    God:
Gold:   42         SH:  0    Dex: 12    Spells: 3/6 levels left

rFire   . . .        (no weapon)
rCold   . . .        (no shield)
rNeg    . . .        (helmet restricted)
rPois   .            (no amulet)
rElec   .            (no ring)
rCorr   .            (no ring)
SInv    .            (no ring)
Will    .....        (no ring)
Stlth   +++          (no ring)
HPRegen 0.23/turn    (no ring)
MPRegen 0.10/turn    (no ring)
                     (no ring)

%: no passive effects
@: no status effects
A: almost no armour, amphibious, 8 rings, camouflage 1, gelatinous body 1,
(nimble swimmer 1), tentacles
a: no special abilities


You were on level 1 of the Dungeon.
You visited 1 branch of the dungeon, and saw 2 of its levels.

You collected 42 gold pieces.

Inventory:

Missiles
 c - 2 poisoned darts
Potions
 a - a potion of magic


   Skills:
 - Level 1.0 Fighting
 + Level 1.0 Throwing
 + Level 2.3 Dodging
 + Level 3.3 Stealth
 + Level 2.3 Spellcasting
 + Level 1.5 Conjurations
 + Level 3.2 Fire Magic


You had 3 spell levels left.
You knew the following spells:

 Your Spells              Type           Power      Damage    Failure   Level
a - Foxfire               Conj/Fire      44%        2x1d6     6%          1
b - Scorch                Fire           28%        2d6       7%          2

Your spell library contained the following spells:

 Spells                   Type           Power      Damage    Failure   Level
 Inner Flame              Hex/Fire       8%         N/A       26%         3
 Volatile Blastmotes      Fire/Tloc      16%        2d11      26%         3
 Flame Wave               Conj/Fire      11%        2d6       52%         4


Dungeon Overview and Level Annotations

Branches:
Dungeon (2/15)

Altars:


Innate Abilities, Weirdness & Mutations

You cannot wear most types of armour.
You are amphibious.
You can wear up to eight rings at the same time.
Your skin changes colour to match your surroundings (Stealth+).
Your rubbery body absorbs attacks. (AC +1, EV +1)
((You are camouflaged when in or above water. (Stealth+)))
You have tentacles for arms and can constrict up to eight enemies at once.


Message History

The ball python hisses angrily.
The gnoll hits you with a +0 spear!
A gnoll comes into view. It is wielding a +0 spear.
There is a stone staircase leading up, spattered with blood here.
The gnoll hits you with a +0 whip. The gnoll barely misses you.
You climb upwards.
There is a stone staircase leading down here.
You tentacle-slap the gnoll. Your grab misses the gnoll.
The gnoll is lightly wounded.
The gnoll hits you with a +0 whip.
* * * LOW HITPOINT WARNING * * *
The gnoll closely misses you.
Okay, then.
Casting: Scorch (safe; 7% risk of failure)
Confirm with . or Enter, or press ? or * to list all spells.
Flames lash the gnoll.
The gnoll is moderately wounded.
The gnoll's fire resistance burns away.
The gnoll closely misses you. The gnoll hits you with a +0 spear.
* * * LOW HITPOINT WARNING * * *
Casting: Scorch (safe; 7% risk of failure)
Confirm with . or Enter, or press ? or * to list all spells.
Flames lash the gnoll.
The gnoll is heavily wounded.
The gnoll's fire resistance burns away.
The gnoll completely misses you. The gnoll closely misses you.
Unknown command.
Casting: Scorch (safe; 7% risk of failure)
Confirm with . or Enter, or press ? or * to list all spells.
Flames lash the gnoll.
The gnoll is burned terribly!
You kill the gnoll!
The gnoll misses you.
Unknown command.
You tentacle-slap the gnoll but do no damage.
You grab the gnoll.
The gnoll is moderately wounded.
You constrict the gnoll, but do no damage.
The gnoll is no longer more vulnerable to fire.
The gnoll hits you with a +0 whip.
You die...

#.#....##....##......#.....###.#
#.#..........##..........#.# #.#
#.#...###....##......#.#.#)# #..
##.#...###....##......#.#.#.###..
.................................
..............##......###........
##....................###...###..
................)................
##..#..###.....#@†....###...###..
#.)#..# #.....##g....# #...# #.#
#..#..###.....##.....###...###.#
##............###................
..............###.....###...###.#
.................................
##.#...####...###..#.............
#.#...................##....##.#
#.#....###...##....#.###....##.#


You could see a gnoll.

Vanquished Creatures
  2 gnolls (D:1)
  3 bats (D:1)
  2 endoplasms (D:1)
  2 giant cockroaches
  5 goblins
  5 hobgoblins
  3 jackals
  A kobold (D:1)
  3 ball pythons
  7 rats
33 creatures vanquished.

Vanquished Creatures (others)
  35 foxfires (D:1)
35 creatures vanquished.

Grand Total: 68 creatures vanquished

Notes
Turn   | Place    | Note
-------+----------+-------------------------------------------
     0 | D:1      | hawla the Octopode Fire Elementalist began the quest for
                  | the Orb.
     0 | D:1      | Reached XP level 1. HP: 11/11 MP: 3/3
   251 | D:1      | Reached XP level 2. HP: 14/18 MP: 0/5
   324 | D:1      | Learned a level 2 spell: Scorch
   545 | D:1      | Reached XP level 3. HP: 22/22 MP: 6/6
   797 | D:1      | Reached skill level 1 in Fighting
  1307 | D:2      | Reached skill level 1 in Throwing
  1381 | D:1      | HP: 1/23 [gnoll/+0 spear (5)]
  1384 | D:1      | Slain by a gnoll

Illustrated notes

Levels and vault maps discovered:
D:1:      evilmike_arrival_plus, layout_basic, serial_bayou,
          serial_bayou_pond_d, serial_bayou_lagoon_b, serial_bayou_shore_b,
          serial_bayou_ford_a
D:2:      layout_basic, basic_altar, amcnicky_mini_pool_small

Skill      XL: |  1  2  3 |
---------------+----------+-----
Stealth        | 3 |  3.3
Fighting       | 1 |  1.0
Throwing       | 1 |  1.0
Dodging        | |  2.3
Spellcasting   | |  2.3
Conjurations   | |  1.5
Fire Magic     | |  3.2

Action                     || total
---------------------------++-------
  Melee: Unarmed           ||    55
         Constrict         ||    14
         Tentacles         ||     9
         Punch             ||     1
   Cast: Foxfire           ||    20
         Scorch            ||     7
    Use: Scroll            ||     3
   Stab: Sleeping          ||     2
 Armour: Skin              ||    23
  Dodge: Dodged            ||    39
